 Dungeon Crawl Stone Soup version 0.29.1-2-gbd0b4ee654 (webtiles) character file.

Game seed: 7957614873301508141

51 identify the Digger (level 3, 0/19 HPs)
             Began as a Gargoyle Earth Elementalist on Nov 23, 2022.
             Slain by a kobold
             ... wielding a +2 spear of flaming
              (3 damage)
             ... on level 2 of the Dungeon.
             The game lasted 00:05:43 (2065 turns).

identify the Digger (Gargoyle Earth Elementalist)   Turns: 2065, Time: 00:05:44

Health: 0/19       AC:  6    Str: 11    XL:     3   Next: 83%
Magic:  0/7        EV: 12    Int: 17    God:
Gold:   32         SH:  0    Dex: 10    Spells: 6/7 levels left

rFire   . . .      SeeInvis .   i - +0 club
rCold   . . .      Faith    .   (no shield)
rNeg    + . .      Spirit   .   a - +1 robe
rPois   ∞          Reflect  .   (no helmet)
rElec   +          Harm     .   (no cloak)
rCorr   .          Rampage  .   (no gloves)
Will    .....                   (no boots)
Stlth   ++........              (no amulet)
HPRegen 0.06/turn               (no ring)
MPRegen 0.10/turn               (no ring)

@: no status effects
A: sickness immunity, AC +3, negative energy resistance 1, electricity
resistance, torment resistance 1, petrification resistance
a: no special abilities


You were on level 2 of the Dungeon.
You visited 1 branch of the dungeon, and saw 2 of its levels.

You collected 32 gold pieces.

Inventory:

Hand Weapons
 i - a +0 club (weapon)
Armour
 a - a +1 robe (worn)
 c - the +0 chain mail "Inigh" {rPois}
   (You found it on level 2 of the Dungeon)

   rPois:     It protects you from poison.
Scrolls
 d - a scroll of amnesia {unknown}
 e - a scroll of identify
 f - a scroll of poison
Potions
 b - a potion of magic
 h - a potion of curing


   Skills:
 - Level 1.6 Dodging
 - Level 2.2 Stealth
 + Level 2.9 Spellcasting
 - Level 0.8 Transmutations
 + Level 4.6 Earth Magic


You had 6 spell levels left.
You knew the following spells:

 Your Spells              Type           Power      Damage    Failure   Level
a - Sandblast             Erth           36%        2d10      2%          1

Your spell library contained the following spells:

 Spells                   Type           Power      Damage    Failure   Level
 Passwall                 Tmut/Erth      9%         N/A       9%          2
 Stone Arrow              Conj/Erth      20%        3d8       21%         3
 Petrify                  Tmut/Erth      11%        N/A       50%         4


Dungeon Overview and Level Annotations

Branches:
Dungeon (2/15)

Altars:


Innate Abilities, Weirdness & Mutations

You are immune to sickness and miasma.
Your stone body is resilient. (AC +3)
You are immune to poison.
You resist negative energy. (rN+)
You are resistant to electric shocks. (rElec)
You are resistant to unholy torment.
You are immune to petrification.


Message History

You kill the bat!
Your magical contamination has completely faded away.
Unknown command.
Casting: Sandblast (safe; 2% risk of failure)
Confirm with . or Enter, or press ? or * to list all spells.
You don't know that spell.
Unknown command.
Unknown command.
Casting: Sandblast (safe; 2% risk of failure)
Confirm with . or Enter, or press ? or * to list all spells.
Aiming: Sandblast (safe; 2% risk of failure)
Press: ? - help, Shift-Dir - straight line, f - kobold
Aim: a kobold, wielding a +2 spear of flaming, wearing a +0 plate armour and quivering stones (84% to hit)
The blast of sand hits the kobold but does no damage.
The kobold throws a stone.
The stone closely misses you.
The kobold hits you from afar with a +2 spear of flaming.
The kobold burns you.
The kobold hits you with a +2 spear of flaming.
The kobold burns you.
Casting: Sandblast (safe; 2% risk of failure)
Confirm with . or Enter, or press ? or * to list all spells.
Aiming: Sandblast (safe; 2% risk of failure)
Press: ? - help, Shift-Dir - straight line, f/p - kobold
Aim: a kobold, wielding a +2 spear of flaming, wearing a +0 plate armour and quivering stones (84% to hit)
The blast of sand hits the kobold but does no damage.
The kobold hits you but does no damage.
Casting: Sandblast (safe; 2% risk of failure)
Confirm with . or Enter, or press ? or * to list all spells.
You don't have enough magic to cast this spell.
You hit the kobold but do no damage.
The kobold hits you with a +2 spear of flaming.
The kobold burns you.
You barely miss the kobold. The kobold closely misses you.
The kobold hits you but does no damage.
You barely miss the kobold. The kobold barely misses you.
You barely miss the kobold.
The kobold hits you with a +2 spear of flaming.
* * * LOW HITPOINT WARNING * * *
The kobold burns you.
You die...

#..#...###.... .......
#...#........ .......##
##..#####....
........####...#####....
.........>..............
..........###......#....
.........# ##.##..#....
.......K.# ##.##..#....
...)...@# (>)#...#....
......†.# ##.###.#..#..#
...####.###..###.##.#.##
. #..<.......##....#
####.......##.##.#
#####..###.##.##..
#.###.............###.
........#####.....# ##
................#.#


You could see a kobold.

Vanquished Creatures
  An adder (D:2)
  2 dart slugs
  4 bats
  3 endoplasms
  3 giant cockroaches (D:1)
  3 goblins
  5 hobgoblins
  3 quokkas (D:2)
  3 ball pythons (D:1)
  2 frilled lizards (D:2)
  4 kobolds
  A rat (D:2)
34 creatures vanquished.

Notes
Turn   | Place    | Note
-------+----------+-------------------------------------------
     0 | D:1      | identify the Gargoyle Earth Elementalist began the quest
                  | for the Orb.
     0 | D:1      | Reached XP level 1. HP: 10/10 MP: 3/3
   337 | D:1      | Reached XP level 2. HP: 15/15 MP: 3/5
   441 | D:1      | Reached skill level 4 in Earth Magic
  1364 | D:2      | Reached XP level 3. HP: 19/19 MP: 4/6
  1405 | D:2      | Identified the +0 chain mail "Inigh" {rPois}
  2065 | D:2      | Slain by a kobold

Illustrated notes

Levels and vault maps discovered:
D:1:      dpeg_arrival_oval, layout_basic
D:2:      layout_rooms

Skill      XL: |  1  2 |
---------------+-------+-----
Earth Magic    | 4 |  4.6
Dodging        | |  1.6
Stealth        | |  2.2
Spellcasting   | |  2.9
Transmutations | |  0.8

Action                   || total
-------------------------++-------
Melee: Club              ||     5
 Cast: Sandblast         ||    54
  Use: Scroll            ||     4
Armor: Robe              ||    14
Dodge: Dodged            ||    27
